 Dungeon Crawl Stone Soup version 0.22.0-16-gc6d26f6 (webtiles) character file.

6682 sking99 the Nimble (level 11, -15/72 HPs)
             Began as an Octopode Transmuter on Aug 17, 2018.
             Was an Elder of Okawaru.
             Demolished by a komodo dragon (29 damage)
             ... on level 8 of the Dungeon.
             The game lasted 00:26:42 (10367 turns).

sking99 the Nimble (Octopode Transmuter)           Turns: 10367, Time: 00:26:43

Health: -15/72     AC:  2    Str:  9    XL:     11   Next: 3%
Magic:  9/14       EV: 32    Int: 20    God:    Okawaru [****..]
Gold:   422        SH:  0    Dex: 22    Spells: 5/14 levels left

rFire    . . .     SeeInvis .     - Unarmed
rCold    + . .     Gourm    .   (shield currently unavailable)
rNeg     . . .     Faith    .   (helmet currently unavailable)
rPois    x         Spirit   .   (no amulet)
rElec    .         Reflect  .   j - ring of protection from cold
rCorr    .         Harm     .   w - +3 ring of intelligence
MR       +....                  E - ring of protection from magic
Stlth    ++........             v - +2 ring of dexterity
HPRegen  0.22/turn              (no ring)
MPRegen  0.14/turn              (no ring)
                                (no ring)
                                (no ring)

@: about to teleport, spider-form, very slightly contaminated
A: tiny, almost no armour, stealthy swim, (amphibious), 8 rings, (constrict 8)
a: End Transformation, Heroism, Renounce Religion


You were on level 8 of the Dungeon.
You worshipped Okawaru.
Okawaru was greatly pleased with you.
You were not hungry.
You were a venomous arachnid creature.
You visited 2 branches of the dungeon, and saw 9 of its levels.
You also visited: Ossuary.

You collected 422 gold pieces.

Inventory:

Missiles
 a - 152 arrows
 o - 3 throwing nets (quivered)
Jewellery
 j - a ring of protection from cold (left front leg)
 v - a +2 ring of dexterity (on tentacle)
 w - a +3 ring of intelligence (right front leg)
 x - an uncursed ring of fire
 E - a ring of protection from magic (on tentacle)
Wands
 e - a wand of paralysis (23)
 f - a wand of polymorph (10)
 k - a wand of random effects (8)
 m - a wand of disintegration (14)
 r - a wand of flame (23)
 B - a wand of acid (11)
Scrolls
 g - 6 scrolls of remove curse
 i - 4 scrolls of amnesia
 n - a scroll of immolation
 q - 3 scrolls of teleportation
 t - a scroll of identify
 y - a scroll of enchant armour {unknown}
 D - a scroll of enchant weapon {unknown}
 H - a scroll of noise {unknown}
Potions
 b - 7 potions of curing
 d - a potion of invisibility
 h - 6 potions of brilliance
 l - a potion of resistance
 p - a potion of heal wounds
 s - a potion of berserk rage {unknown}
 u - 2 potions of flight {unknown}
 z - a potion of ambrosia {unknown}
 A - 2 potions of magic {unknown}
 C - a potion of might {unknown}
 F - a potion of agility {unknown}
 G - a potion of haste
Comestibles
 c - 19 rations
 I - 5 chunks of flesh


   Skills:
 - Level 6.2 Fighting
 - Level 10.0 Dodging
 - Level 10.0 Unarmed Combat
 - Level 2.0 Spellcasting
 + Level 5.0 Transmutations
 + Level 2.3 Ice Magic
 - Level 2.0 Poison Magic
 - Level 4.1 Invocations


You had 5 spell levels left.
You knew the following spells:

 Your Spells              Type           Power        Failure   Level  Hunger
a - Ice Form              Ice/Tmut       ###.....     56%         4    #####..
b - Sticks to Snakes      Tmut           ###.....     11%         2    ##.....
c - Spider Form           Tmut/Pois      ###.......   26%         3    ###....

Your spell library contained the following spells:

 Spells                   Type           Power        Failure   Level  Hunger
 Blade Hands              Tmut           ###.......   71%         5    ######.
 Beastly Appendage        Tmut           ###...       8%          1    #......


Dungeon Overview and Level Annotations

Branches:
Dungeon (8/15)             Temple (1/1) D:4            Lair (0/6) D:8

Altars:
Ashenzari
Cheibriados
Dithmenos
Elyvilon
Fedhas
Gozag
Hepliaklqana
Kikubaaqudgha
Makhleb
Nemelex Xobeh
Okawaru
Qazlal
Ru
Sif Muna
Trog
Uskayaw
Vehumet
Wu Jian
Xom
Zin
The Shining One


Innate Abilities, Weirdness & Mutations

You cannot wear most types of armour.
You are very stealthy in the water. (Stealth+)
((You are amphibious.))
You can wear up to eight rings at the same time.
((You can use your tentacles to constrict eight enemies at once.))
((Your skin changes colour to match your surroundings (Stealth+).))
((Your rubbery body absorbs attacks. (AC +1, EV +1)))


Message History

The dream sheep is almost dead.
The yak completely misses you. The dream sheep completely misses you.
The yak gores you!
* * * LOW HITPOINT WARNING * * *
You kill the dream sheep!
Okawaru accepts your kill.
Your Transmutations skill increases to level 5!
Your Ice Magic skill increases to level 2!
The dream sheep shakes its wool and sparkles.
You feel drowsy...
You fall asleep.
The yak misses you.
You wake up.
Things that are here:
a club; a leather armour; an orc corpse
Okay, then.
As you read the scroll of teleportation, it crumbles to dust.
You feel strangely unstable.
The komodo dragon completely misses you.
The yak closely misses you. The komodo dragon bites you!!
You die...

# #.# #.%%..P≈.###.# ##.## # #.#
#..P..≈≈P#.#.# #..# # #.#
#.....P≈≈##..## #(#. ####.#
#%.....≈P##...# #... .....#
#.≈.))≈PP##...# #... .#.######
##Y# #.#..# #.##
(.......######.Y## ###..# #.#
#..............l.#
####..#####.##
...###..........s#
#............. ##.#
#.......................>.##
##.###.########..###.##.########
.......# #.$# #. #.# ##.#####
#..# # #.# ##.# .).# #.. ##.#
.... #< ##.# .##.. ##.#


You could see a komodo dragon and 2 yaks.

Vanquished Creatures
  Pikel (D:4)
  Maurice (D:8)
  Psyche (D:8)
  A gargoyle (D:7)
  Prince Ribbit (D:7)
  A dream sheep (D:8)
  Eustachio (D:4)
  2 hungry ghosts (D:7)
  Menkaure (D:7)
  An ice beast (D:8)
  4 phantoms
  A slave (D:4)
  4 ogres
  4 centaurs
  A crocodile (D:8)
  4 big kobolds
  A gnoll sergeant (D:8)
  5 bullfrogs
  3 elf skeletons (D:8)
  3 water moccasin zombies (Ossuary)
  5 killer bees (D:7)
  10 wights
  3 howler monkeys
  2 crimson imps
  3 jellies
  A centaur skeleton (D:6)
  2 human zombies (D:8)
  4 hounds
  6 orc priests
  A bullfrog skeleton (D:8)
  A human skeleton (D:8)
  An iguana (D:6)
  Ijyb (D:4)
  5 orc wizards
  5 worker ants
  A big kobold zombie (Ossuary)
  3 hound zombies
  2 mummies (Ossuary)
  2 hound skeletons
  Robin (D:4)
  A howler monkey skeleton (D:6)
  11 adders
  12 gnolls
  2 shadow imps (D:7)
  5 oozes
  2 adder zombies
  An adder skeleton (D:5)
  6 dart slugs
  4 leopard geckos
  21 orcs
  8 bats
  7 giant cockroaches
  2 gnoll zombies (Ossuary)
  21 goblins
  8 hobgoblins
  22 jackals
  4 quokkas
  A frilled lizard (D:5)
  5 hobgoblin zombies (Ossuary)
  A jackal skeleton (D:5)
  A jackal zombie (D:5)
  17 kobolds
  10 kobold zombies (Ossuary)
  7 orc zombies (Ossuary)
  8 rats
287 creatures vanquished.

Vanquished Creatures (collateral kills)
  Blork the orc (D:5)
1 creature vanquished.

Vanquished Creatures (others)
  2 slaves (D:4)
  A goblin (D:4)
  A leopard gecko skeleton (D:4)
  4 plants (D:8)
8 creatures vanquished.

Grand Total: 296 creatures vanquished

Notes
Turn   | Place    | Note
-------+----------+-------------------------------------------
     0 | D:1      | sking99 the Octopode Transmuter began the quest for the Orb.
     0 | D:1      | Reached XP level 1. HP: 13/13 MP: 3/3
   248 | D:1      | Reached XP level 2. HP: 18/18 MP: 3/5
   259 | D:1      | Learned a level 2 spell: Sticks to Snakes
   651 | D:1      | Reached XP level 3. HP: 23/23 MP: 4/6
   821 | D:1      | Learned a level 3 spell: Spider Form
  1001 | D:1      | Reached skill level 1 in Poison Magic
  1431 | D:2      | Reached XP level 4. HP: 25/28 MP: 7/7
  2653 | D:3      | Reached XP level 5. HP: 17/33 MP: 1/8
  3524 | D:4      | Noticed Eustachio
  3552 | D:4      | Killed Eustachio
  3552 | D:4      | Reached XP level 6. HP: 30/43 MP: 6/9
  3557 | D:4      | Noticed Ijyb
  3562 | D:4      | Paralysed by Ijyb for 3 turns
  3570 | D:4      | Paralysed by Ijyb for 3 turns
  3572 | D:4      | Killed Ijyb
  3843 | D:4      | Noticed Robin
  3854 | D:4      | Killed Robin
  3854 | D:4      | Reached XP level 7. HP: 27/48 MP: 4/10
  3967 | D:4      | Noticed Pikel
  4179 | D:4      | Reached skill level 5 in Unarmed Combat
  4299 | D:4      | Found a staircase to the Ecumenical Temple.
  4311 | Temple   | Entered the Ecumenical Temple
  4666 | Temple   | Became a worshipper of Warmaster Okawaru
  4691 | D:4      | Reached skill level 5 in Fighting
  4796 | D:4      | Killed Pikel
  4796 | D:4      | Reached * piety under Okawaru
  4796 | D:4      | Reached XP level 8. HP: 18/57 MP: 9/11
  5577 | D:5      | Entered Level 5 of the Dungeon
  5614 | D:5      | Reached skill level 1 in Invocations
  5982 | D:5      | Reached XP level 9. HP: 62/62 MP: 7/12
  6702 | D:5      | Noticed Blork the orc
  6714 | D:5      | Killed Blork the orc
  6971 | D:6      | Reached skill level 5 in Dodging
  7157 | D:6      | Reached ** piety under Okawaru
  7891 | D:7      | Noticed Menkaure
  7901 | D:7      | Killed Menkaure
  7916 | D:7      | Noticed a gargoyle
  7951 | D:7      | Killed a gargoyle
  7951 | D:7      | Reached *** piety under Okawaru
  7951 | D:7      | Reached XP level 10. HP: 26/68 MP: 6/13
  8288 | D:7      | Noticed Prince Ribbit
  8298 | D:7      | Killed Prince Ribbit
  8982 | D:7      | Found a hazy altar of Hepliaklqana.
  8985 | D:7      | Found a shadowy altar of Dithmenos.
  8989 | D:7      | Found an opulent altar of Gozag.
  9083 | D:7      | Found a shimmering altar of Xom.
  9381 | D:8      | Noticed Psyche
  9399 | D:8      | Killed Psyche
  9399 | D:8      | Reached **** piety under Okawaru
  9410 | D:8      | Noticed Maurice
  9429 | D:8      | Killed Maurice
  9503 | D:8      | Learned a level 4 spell: Ice Form
  9547 | D:8      | Found a sand-covered staircase.
  9673 | Ossuary  | Entered an ossuary
 10220 | D:8      | Reached skill level 10 in Dodging
 10242 | D:8      | Reached skill level 10 in Unarmed Combat
 10246 | D:8      | Reached skill level 1 in Ice Magic
 10286 | D:8      | Found a staircase to the Lair.
 10354 | D:8      | Reached XP level 11. HP: 65/72 MP: 14/14
 10363 | D:8      | Reached skill level 5 in Transmutations
 10367 | D:8      | Demolished by a komodo dragon

Skill      XL: |  1  2  3  4  5  6  7  8  9 10 11 |
---------------+----------------------------------+-----
Transmutations | 3 4 5 |  5.0
Poison Magic   | 1 2 |  2.0
Fighting       | 3 4 6 |  6.2
Unarmed Combat | 4 6 7 8 10 | 10.0
Dodging        | 4 8 10 | 10.0
Invocations    | 3 4 |  4.1
Ice Magic      | 1 2 |  2.3
Spellcasting   | |  2.0

Action                   |  1- 3 |  4- 6 |  7- 9 | 10-12 || total
-------------------------+-------+-------+-------+-------++-------
Melee: Unarmed           |    93 |   179 |   325 |   320 ||   917
       Tentacles         |    13 |    10 |     8 |    30 ||    61
       Kick              |     7 |     3 |       |       ||    10
       Constrict         |    22 |    13 |     8 |    29 ||    72
       Punch             |     3 |     2 |     2 |    12 ||    19
 Cast: Beastly Appendage |     6 |     3 |       |       ||     9
       Spider Form       |       |    13 |    29 |    16 ||    58
       Sticks to Snakes  |       |       |     4 |     2 ||     6
Invok: Heroism           |       |       |     4 |     8 ||    12
 Abil: End Transformatio |       |       |     2 |       ||     2
  Use: Scroll            |       |     4 |     4 |     5 ||    13
       Potion            |       |       |     3 |     3 ||     6
 Stab: Sleeping          |     4 |     5 |     3 |    10 ||    22
       Distracted        |       |       |     1 |       ||     1
  Eat: Chunk             |     2 |     9 |    16 |     8 ||    35
       Ration            |       |       |     1 |     1 ||     2
Armor: Skin              |    10 |    11 |     9 |     2 ||    32
Dodge: Dodged            |    49 |   144 |   247 |   246 ||   686
